 Dungeon Crawl Stone Soup version 0.30.1-11-g7821555f0a (webtiles) character file.

Game seed: 1584105136684059612

669 mmigdal the Covered (level 7, 0/54 HPs)
             Began as a Human Fighter on Nov 28, 2023.
             Succumbed to a killer bee's poison
             ... on level 5 of the Dungeon on Dec 2, 2023.
             The game lasted 00:17:54 (4044 turns).

mmigdal the Covered (Human Fighter)                 Turns: 4044, Time: 00:17:54

Health: 0/54       AC: 10    Str: 18    XL:     7   Next: 89%
Magic:  7/7        EV: 10    Int:  9    God:
Gold:   111        SH:  4    Dex: 10    Spells: 6/6 levels left

rFire   . . .        a - +0 flail (heavy)
rCold   . . .        c - +0 buckler
rNeg    . . .        b - +0 scale mail
rPois   .            e - +1 helmet
rElec   .            (no cloak)
rCorr   .            l - +0 pair of gloves
SInv    +            (no boots)
Will    .....        g - amulet of faith Stlth
                     i - ring of see invisible
HPRegen 0.29/turn    (no ring)
MPRegen 0.10/turn

%: random rage (3%), faith
@: mighty, lethally poisoned (0 -> -5)
A: berserk 1, clumsy 1
a: no special abilities


You were on level 5 of the Dungeon.
You visited 1 branch of the dungeon, and saw 5 of its levels.

You collected 225 gold pieces.
You spent 114 gold pieces at shops.

Inventory:

Hand Weapons
 a - a +0 heavy flail (weapon)
Armour
 b - a +0 scale mail (worn)
 c - a +0 buckler (worn)
 e - a +1 helmet (worn)
 l - a +0 pair of gloves (worn)
Jewellery
 g - an amulet of faith (around neck)
 i - a ring of see invisible (left hand)
Wands
 q - a wand of digging (3)
Scrolls
 m - a scroll of blinking {unknown}
 o - a scroll of magic mapping {unknown}
 s - a scroll of poison {unknown}
 t - a scroll of butterflies {unknown}
 u - a scroll of teleportation {unknown}
 v - a scroll of vulnerability {unknown}
Potions
 j - a potion of attraction
 k - a potion of brilliance


   Skills:
 + Level 4.1 Fighting
 + Level 4.6 Maces & Flails
 + Level 4.9 Armour
 + Level 2.3 Dodging
 + Level 4.2 Shields
 * Level 2.1 Evocations


You had 6 spell levels left.
You didn't know any spells.
Your spell library contained the following spells:

 Spells                   Type           Power      Damage    Failure   Level
 Freeze                   Ice            0%         1d3       83%         1
 Poisonous Vapours        Pois/Air       0%         N/A       92%         2
 Frozen Ramparts          Ice            0%         1d1       99%         3
 Hailstorm                Conj/Ice       0%         3d3       99%         3
 Mephitic Cloud           Conj/Pois/Air  0%         N/A       99%         3
 Freezing Cloud           Conj/Ice/Air   0%         6-21      100%        5


Dungeon Overview and Level Annotations

Branches:
Dungeon (5/15)
 Temple: D:4-7

Altars:
Okawaru

Shops:
D:3 ?


Innate Abilities, Weirdness & Mutations

You sometimes lose your temper in combat.
You are clumsy. (Dex -2)


Message History

You closely miss the killer bee.
You feel very sick.
The killer bee stings you but does no damage.
The killer bee misses you. The killer bee barely misses you.
The killer bee stings you.
You barely miss the killer bee.
You feel very sick. The killer bee barely misses you.
The killer bee stings you.
The killer bee stings you but does no damage.
You thump the killer bee!
The killer bee is severely wounded.
You feel sick. The killer bee closely misses you. The killer bee stings you.
* * * LOW HITPOINT WARNING * * *
The killer bee stings you.
* * * LOW HITPOINT WARNING * * *
The killer bee stings you.
* * * LOW HITPOINT WARNING * * *
You closely miss the killer bee.
The killer bee is heavily wounded.
You feel sick. The killer bee stings you.
* * * LOW HITPOINT WARNING * * *
The killer bee stings you.
* * * LOW HITPOINT WARNING * * *
You are lethally poisoned!
The killer bee poisons you! The killer bee completely misses you.
As you read the scroll labelled VUQ FECSIAL, it crumbles to dust.
You assume a fearsome visage.
The killer bee looks frightened! x6
It was a scroll of fear.
* * * LOW HITPOINT WARNING * * *
You feel very sick.
Really quaff the potion of mutation?
You feel extremely strange.
You feel clumsy.
You feel a little pissed off.
* * * LOW HITPOINT WARNING * * *
You feel sick.
Cornered, the killer bee turns to fight! x3
As you read the scroll labelled NIYXKUWIGU, it crumbles to dust.
You feel a surge of unholy energy.
The killer bee convulses! x5
It was a scroll of torment.
You die...

#.......##
#.......##
#....#...####
#...#..##....
#....######..
###...##.......
##...####.#####'
###..###
#.###... .
###@.###
##.##.... #.
###y.###
##..#..... #..
###.yy##
##...#....# #..
###.y.###
##....'...## #.y
##..y###
##.....#..###
#..#...##
##......#.###.
#...###
##.......####..
#...###
#....)...###...
#...? .###
#.....<..##....


You could see 5 killer bees.

Vanquished Creatures
  Menkaure (D:5)
  A black bear (D:5)
  2 scorpions
  A hound (D:5)
  2 iguanas (D:4)
  Terence (D:2)
  8 gnolls
  7 adders
  A worm (D:3)
  7 orcs
  8 endoplasms
  3 giant cockroaches
  6 goblins
  9 hobgoblins
  7 kobolds
  4 quokkas
  8 ball pythons
  4 bats
  4 frilled lizards
  5 rats
89 creatures vanquished.

Notes
Turn   | Place    | Note
-------+----------+-------------------------------------------
     0 | D:1      | mmigdal the Human Fighter began the quest for the Orb.
     0 | D:1      | Reached XP level 1. HP: 18/18 MP: 1/1
    93 | D:1      | Reached XP level 2. HP: 24/24 MP: 2/2
   510 | D:1      | Reached XP level 3. HP: 29/29 MP: 3/3
   967 | D:2      | Noticed Terence
   977 | D:2      | Killed Terence
   978 | D:2      | Reached XP level 4. HP: 15/35 MP: 4/4
  1299 | D:2      | Found an iron altar of Okawaru.
  1570 | D:3      | Reached skill level 1 in Dodging
  1570 | D:3      | Reached XP level 5. HP: 41/41 MP: 5/5
  1874 | D:3      | Found Deorefut's Magic Scroll Boutique.
  1925 | D:3      | Bought a scroll of brand weapon for 114 gold pieces
  2571 | D:4      | Reached XP level 6. HP: 37/48 MP: 6/6
  3077 | D:5      | Entered Level 5 of the Dungeon
  3141 | D:5      | Reached skill level 1 in Evocations
  3141 | D:5      | Reached XP level 7. HP: 34/53 MP: 7/7
  3668 | D:5      | Noticed Menkaure
  3792 | D:5      | Killed Menkaure
  4042 | D:5      | HP: 2/54 [poisoned by a killer bee]
  4043 | D:5      | Gained mutation: You are clumsy. (Dex -2) [potion of
                  | mutation]
  4043 | D:5      | Gained mutation: You sometimes lose your temper in combat.
                  | [potion of mutation]
  4044 | D:5      | Succumbed to a killer bee's poison

Illustrated notes

Levels and vault maps discovered:
D:1:      dpeg_arrival_simpleton_b, layout_basic
D:2:      minmay_chambers_of_ones, layout_loops_ring, basic_altar, uniq_terence
D:3:      layout_basic, serial_shops, nicolae_shop_tiny_waterfront,
          minmay_door_square
D:4:      layout_cave_pools, serial_column_ruins, column_ruins_open_medium,
          column_ruins_columns_corner, column_ruins_columns_corner,
          column_ruins_columns_water
D:5:      layout_cave_pods, minmay_temple_entry_fiery, minmay_quadrilaterals,
          uniq_blork_the_orc, uniq_menkaure, uniq_prince_ribbit1

Skill      XL: |  1  2  3  4  5  6  7 |
---------------+----------------------+-----
Dodging        | 1 2 |  2.3
Maces & Flails | 3 4 |  4.6
Armour         | 4 |  4.9
Shields        | 4 |  4.2
Evocations     | 1 2 |  2.1
Fighting       | 4 |  4.1

Action                     |  1- 3 |  4- 6 |  7- 9 || total
---------------------------+-------+-------+-------++-------
  Melee: Flail             |    99 |   197 |    32 ||   328
    Use: Potion            |     1 |     4 |     9 ||    14
         Scroll            |       |     6 |     2 ||     8
 Armour: Scale mail        |    60 |   131 |    50 ||   241
         Skin              |       |     4 |     3 ||     7
  Dodge: Dodged            |    46 |   118 |    48 ||   212
  Block: Buckler           |    25 |    58 |    21 ||   104
